[Event "Titled Tuesday Blitz March 14 Early 2023"]
[White "Sadubayev, Airat"]
[Black "Skuhala, Barbara"]
[WhiteFideId "13713264"]
[BlackFideId "14605465"]
[WhiteElo "2129"]
[BlackElo "2072"]
[Result "0-1"]
[Round "03"]
[TimeControl "180+2"]
[Date "2023.03.14"]
[WhiteClock "0:00:01"]
[BlackClock "0:01:43"]

1. d4 Nf6 2. c4 e6 3. Nc3 Bb4 4. Nf3 c5 5. e3 cxd4 6. exd4 O-O 7. Bd3 d5 8. cxd5 exd5 9. O-O Bg4 10. Bg5 Bxc3 11. bxc3 Nbd7 12. Re1 Rc8 13. Rc1 Qa5 14. Qc2 h6 15. Bh4 Bxf3 16. gxf3 Rfe8 17. Rf1 Rc6 18. Kh1 Rec8 19. Qb2 Rxc3 20. Bf5 Rxc1 21. Rxc1 Rxc1+ 22. Qxc1 Qxa2 23. Bxf6 gxf6 24. Bxd7 Qxf2 25. Bg4 Kg7 26. h3 Qxd4 27. Qc2 a5 28. Kg2 a4 29. Qc7 b5 30. Bh5 Qd2+ 31. Kg1 Qg5+ 32. Bg4 h5 33. Qc5 hxg4 34. hxg4 a3 35. Qxa3 Qf4 36. Qb3 d4 37. Kg2 Qe3 38. Qxb5 d3 39. Qb1 d2 40. Qd1 Qe1 41. Qa4 d1=Q 0-1


[Site "https://www.chess.com"]

[Event "Titled Tuesday Blitz March 14 Early 2023"]
[White "Liu, Casper"]
[Black "Rosen, Eric"]
[WhiteFideId "1454153"]
[BlackFideId "2032562"]
[WhiteElo "2221"]
[BlackElo "2331"]
[Result "1-0"]
[Round "03"]
[TimeControl "180+2"]
[Date "2023.03.14"]
[WhiteClock "0:00:52"]
[BlackClock "0:00:03"]

1. d4 d5 2. Bf4 c5 3. Nc3 Nf6 4. e3 cxd4 5. exd4 Bg4 6. f3 Bd7 7. Bd3 Nc6 8. Nge2 e6 9. O-O a6 10. a3 Qb6 11. Na4 Qa7 12. Bc7 Nxd4 13. Bb6 Nxe2+ 14. Qxe2 Qb8 15. Nc5 Qc8 16. b4 Qc6 17. Nxd7 Nxd7 18. Bd4 Nf6 19. b5 Qd6 20. bxa6 bxa6 21. Rfb1 Be7 22. Rb6 Qc7 23. Rxa6 O-O 24. Kh1 Rfc8 25. a4 Rxa6 26. Bxa6 Qxc2 27. Qxc2 Rxc2 28. a5 Bc5 29. Bxc5 Rxc5 30. Bb7 Nd7 31. a6 Nb6 32. a7 g6 33. h3 d4 34. Ra6 Na8 35. Bxa8 d3 36. Be4 d2 37. a8=Q+ Kg7 38. Rd6 Rc1+ 39. Kh2 d1=Q 40. Rxd1 Rxd1 41. Qa3 Rd8 42. Qe7 Rb8 43. h4 h5 44. Qg5 Rh8 45. Qe5+ Kg8 46. Kg3 Rh7 47. Kf4 Rg7 48. Kg5 Kh7 49. Kf6 Rg8 50. Kxf7 Kh6 51. Qg5+ Kh7 52. Qxh5# 1-0


[Site "https://www.chess.com"]

[Event "Titled Tuesday Blitz March 14 Early 2023"]
[White "Ahn, Hongjin"]
[Black "Jimenez, Joaquin"]
[WhiteFideId "13201492"]
[BlackFideId "109860"]
[WhiteElo "2182"]
[BlackElo "2163"]
[Result "1-0"]
[Round "03"]
[TimeControl "180+2"]
[Date "2023.03.14"]
[WhiteClock "0:00:15"]
[BlackClock "0:01:03"]

1. b3 e5 2. Bb2 Nc6 3. e3 Nf6 4. Bb5 Bd6 5. Nc3 O-O 6. Nge2 a6 7. Bd3 Re8 8. Ng3 Bf8 9. e4 d6 10. O-O Nd4 11. Nce2 Ne6 12. Re1 c5 13. c3 b5 14. Bc2 Bb7 15. d4 Qc7 16. d5 Nf4 17. Nxf4 exf4 18. Nh5 Nxh5 19. Qxh5 c4 20. b4 g6 21. Qh4 Bg7 22. Qxf4 a5 23. a3 Qe7 24. Qd2 Qh4 25. h3 Bc8 26. Re3 Bh6 27. Rae1 axb4 28. cxb4 f6 29. Qd4 Bxe3 30. Rxe3 Re5 31. Qb6 Bf5 32. Bxe5 fxe5 33. exf5 gxf5 34. Qxd6 e4 35. Rg3+ Kf7 36. Qe6+ Kf8 37. Rg8# 1-0


[Site "https://www.chess.com"]

[Event "Titled Tuesday Blitz March 14 Early 2023"]
[White "Zarnicki, Pablo"]
[Black "Rostomyan, Mikayel"]
[WhiteFideId "100137"]
[BlackFideId "13313754"]
[WhiteElo "2468"]
[BlackElo "2009"]
[Result "0-1"]
[Round "03"]
[TimeControl "180+2"]
[Date "2023.03.14"]
[WhiteClock "0:00:07"]
[BlackClock "0:00:12"]

1. e4 c5 2. Nf3 d6 3. d4 cxd4 4. Nxd4 Nf6 5. Nc3 a6 6. h3 e5 7. Nf3 h5 8. Bc4 Be6 9. Bxe6 fxe6 10. a4 Nc6 11. O-O Be7 12. Ng5 Qd7 13. Be3 d5 14. Bd2 O-O-O 15. Nf7 d4 16. Ne2 Nxe4 17. Nxh8 Rxh8 18. f3 Nxd2 19. Qxd2 Bf6 20. Ng3 Ne7 21. Ne4 Nd5 22. Rfe1 Bh4 23. Re2 Nf4 24. g3 Nxe2+ 25. Qxe2 Be7 26. Kg2 Rf8 27. h4 Qc6 28. Qd3 Kb8 29. b3 Rc8 30. Rc1 Ba3 31. Rd1 Qxc2+ 32. Kh3 Qxd3 33. Rxd3 Be7 34. f4 exf4 35. gxf4 Bf6 36. Kg3 Rc1 37. Nf2 Rg1+ 38. Kf3 Bxh4 39. Ne4 Bf6 40. Nc5 h4 41. Kf2 Rc1 42. Nxe6 Rc3 43. Rd1 Rxb3 44. Nc5 Rc3 45. Ne4 Rc2+ 46. Kf3 Ra2 47. Rb1 Ra3+ 48. Kg4 h3 49. Nc5 Kc7 50. Nxb7 Rxa4 51. Nc5 Ra3 52. Ne6+ Kd6 53. f5 Ke5 54. Nf4 Ke4 55. Ng6 Kd5 56. Re1 h2 57. Nf4+ Kd6 58. Ng6 Re3 59. Ra1 a5 60. Nf4 Be5 61. Ng2 Re4+ 62. Kf3 Kd5 63. Rxa5+ Kc6 64. Kxe4 h1=Q 65. Kxe5 Qxg2 66. Ra6+ Kb5 67. Rd6 Qg3+ 68. Kd5 Qxd6+ 69. Kxd6 d3 70. f6 gxf6 71. Ke6 d2 72. Kf5 d1=Q 73. Kxf6 Qd5 0-1


[Site "https://www.chess.com"]

[Event "Titled Tuesday Blitz March 14 Early 2023"]
[White "Buscar, Michael"]
[Black "Manukyan, Sargis V."]
[WhiteFideId "2603616"]
[BlackFideId "13303465"]
[WhiteElo "2010"]
[BlackElo "2236"]
[Result "1-0"]
[Round "03"]
[TimeControl "180+2"]
[Date "2023.03.14"]
[WhiteClock "0:00:11"]
[BlackClock "0:00:10"]

1. d4 e6 2. c4 c5 3. d5 exd5 4. cxd5 a6 5. g3 d6 6. Bg2 Ne7 7. a4 Ng6 8. Nc3 Be7 9. Nf3 Bf6 10. O-O O-O 11. Qc2 Re8 12. Re1 Nd7 13. Nd2 Rb8 14. a5 Nde5 15. Nce4 Be7 16. b3 Bd7 17. Bb2 Bb5 18. Nc4 Bxc4 19. bxc4 b5 20. axb6 Rxb6 21. f4 Nxc4 22. Bxg7 Kxg7 23. Qxc4 Rb4 24. Qxa6 Bf6 25. Nxd6 Re3 26. Nf5+ Kg8 27. Nxe3 Bd4 28. Ra3 Qe7 29. Qd3 Rb2 30. Kh1 h5 31. Nf5 Qf6 32. Ra8+ Kh7 33. Nxd4 cxd4 34. Be4 h4 35. Bxg6+ fxg6 36. Qf3 Rc2 37. Ra7+ Kg8 38. Rb1 Rc8 39. Rbb7 h3 40. Rg7+ Kh8 41. Rh7+ Kg8 42. Rag7+ Kf8 43. Rf7+ Kg8 44. Rhg7+ Kh8 45. Qf1 Qd6 46. Qxh3# 1-0


[Site "https://www.chess.com"]

[Event "Titled Tuesday Blitz March 14 Early 2023"]
[White "Ginzburg, Yakov"]
[Black "Jiganchine, Roman"]
[WhiteFideId "4157176"]
[BlackFideId "2603667"]
[WhiteElo "2305"]
[BlackElo "2311"]
[Result "1/2-1/2"]
[Round "03"]
[TimeControl "180+2"]
[Date "2023.03.14"]
[WhiteClock "0:00:04"]
[BlackClock "0:00:17"]

1. e4 c6 2. d4 d5 3. Nc3 dxe4 4. Nxe4 Nf6 5. Nxf6+ exf6 6. Bc4 Bd6 7. Ne2 O-O 8. O-O Bg4 9. Qd3 a5 10. a4 Na6 11. c3 Nc7 12. Nf4 Bxf4 13. Bxf4 Nd5 14. Bg3 Re8 15. Rae1 Qd7 16. Qd2 Bf5 17. h3 Bg6 18. Bd3 Rxe1 19. Rxe1 Re8 20. Rxe8+ Qxe8 21. Bxg6 hxg6 22. c4 Nb4 23. Bd6 Qe4 24. Bxb4 axb4 25. d5 cxd5 26. cxd5 Kf8 27. Kh2 Ke7 28. d6+ Kd7 29. g3 Qf5 30. Kg1 Qc5 31. Qd3 Qxd6 32. Qb5+ Kc7 33. Qc4+ Kb8 34. Qxf7 Qd1+ 35. Kg2 Qd4 36. b3 Qe4+ 37. Kg1 Qe1+ 38. Kg2 Qe4+ 39. Kh2 Qd4 40. Kg2 Qe4+ 1/2-1/2


[Site "https://www.chess.com"]

[Event "Titled Tuesday Blitz March 14 Early 2023"]
[White "MunichMouse"]
[Black "Sai Han Thiha"]
[BlackFideId "13012290"]
[WhiteElo "2299"]
[BlackElo "1954"]
[Result "1-0"]
[Round "03"]
[TimeControl "180+2"]
[Date "2023.03.14"]
[WhiteClock "0:01:38"]
[BlackClock "0:00:38"]

1. d4 Nf6 2. c4 e6 3. Nf3 Bb4+ 4. Bd2 Qe7 5. Qc2 Bxd2+ 6. Nbxd2 d6 7. e4 e5 8. Bd3 Bg4 9. O-O O-O 10. a3 c5 11. d5 Bxf3 12. Nxf3 a5 13. g3 Nbd7 14. Nh4 g6 15. Rae1 Rae8 16. Qd2 b6 17. h3 Nh5 18. Be2 Nf4 19. Bg4 h5 20. Bxd7 Qxd7 21. gxf4 Qxh3 22. Ng2 Qb3 23. f5 Qxc4 24. Qh6 gxf5 25. Qg5+ Kh8 26. Qxh5+ Kg7 27. Qg5+ Kh8 28. Re3 1-0


[Site "https://www.chess.com"]

[Event "Titled Tuesday Blitz March 14 Early 2023"]
[White "Levitan, Caleb Levi"]
[Black "Horak, Martin"]
[WhiteFideId "14332620"]
[BlackFideId "367095"]
[WhiteElo "1963"]
[BlackElo "2091"]
[Result "1-0"]
[Round "03"]
[TimeControl "180+2"]
[Date "2023.03.14"]
[WhiteClock "0:00:05"]
[BlackClock "0:00:01"]

1. b3 d5 2. Bb2 Nf6 3. g3 e6 4. Bg2 Be7 5. Nf3 O-O 6. O-O b6 7. d3 Bb7 8. Nbd2 c5 9. d4 Nbd7 10. c4 Ne4 11. Nxe4 dxe4 12. Nd2 f5 13. e3 Bf6 14. Qc2 Qc7 15. Rad1 Rad8 16. Nb1 Rfe8 17. Nc3 a6 18. Ne2 Nf8 19. Rd2 Rd7 20. Rfd1 Red8 21. dxc5 bxc5 22. Bxf6 gxf6 23. Nf4 Kf7 24. Qc3 Qe5 25. Rxd7+ Rxd7 26. Rxd7+ Nxd7 27. Qd2 Qc7 28. Qd1 Nf8 29. Qh5+ Kg7 30. g4 Qf7 31. Qh3 fxg4 32. Qxg4+ Kh8 33. Bh3 f5 34. Qg5 Qg7 35. Qxg7+ Kxg7 36. Kf1 Kf6 37. Ke2 Ng6 38. Nh5+ Ke5 39. Bg2 Bc6 40. f4+ exf3+ 41. Bxf3 Bxf3+ 42. Kxf3 Kd6 43. Ng3 Ke7 44. e4 Kf6 45. exf5 exf5 46. Ne2 Ne5+ 47. Kf4 Nd3+ 48. Ke3 Nb4 49. a4 Nc6 50. Kf4 Na5 51. Nc1 h6 52. h3 h5 53. h4 Nc6 54. Ne2 a5 55. Ng3 Nd4 56. Nxh5+ Ke6 57. Ng3 Nxb3 58. Nxf5 Nd2 59. h5 Kf6 60. Ne3 1-0


[Site "https://www.chess.com"]

[Event "Titled Tuesday Blitz March 14 Early 2023"]
[White "Degenbaev, Aziz"]
[Black "Fajdetic, Hrvoje"]
[WhiteFideId "13802640"]
[BlackFideId "14501945"]
[WhiteElo "2152"]
[BlackElo "2185"]
[Result "1-0"]
[Round "03"]
[TimeControl "180+2"]
[Date "2023.03.14"]
[WhiteClock "0:01:29"]
[BlackClock "0:02:07"]

1. e4 c5 2. Nf3 a6 3. c3 d5 4. exd5 Qxd5 5. d4 Bg4 6. Be2 e6 7. O-O Nf6 8. Na3 cxd4 9. Nxd4 Bxe2 10. Qxe2 Nc6 11. Nac2 Bc5 12. Rd1 Nxd4 13. Nxd4 Bxd4 14. Rxd4 Qh5 15. Qxh5 Nxh5 16. Be3 Rd8 17. Rb4 Rd7 18. Bc5 f6 19. g4 Rd6 20. Bxd6 1-0


[Site "https://www.chess.com"]

[Event "Titled Tuesday Blitz March 14 Early 2023"]
[White "Zaksaite, Salomeja"]
[Black "Martic, Ivan"]
[WhiteFideId "12801496"]
[BlackFideId "929301"]
[WhiteElo "2059"]
[BlackElo "2360"]
[Result "0-1"]
[Round "03"]
[TimeControl "180+2"]
[Date "2023.03.14"]
[WhiteClock "0:00:02"]
[BlackClock "0:01:35"]

1. d4 d5 2. Nc3 Nf6 3. Bf4 a6 4. e3 c5 5. dxc5 e6 6. Na4 Nbd7 7. b4 Be7 8. Nf3 O-O 9. Be2 Ne4 10. O-O Bf6 11. Rb1 g5 12. Bg3 h5 13. Nd2 Nxg3 14. hxg3 g4 15. c4 Ne5 16. cxd5 exd5 17. Nb6 Rb8 18. Nb3 Be6 19. Nd4 Qe7 20. Qc2 Rbd8 21. Rfd1 Ng6 22. Nf5 Qc7 23. Nd4 Qe5 24. Bd3 Ne7 25. a4 h4 26. gxh4 g3 27. Nf3 gxf2+ 28. Qxf2 Qh5 29. g3 Bg4 30. Be2 Rfe8 31. Re1 Nf5 32. Nh2 Bxe2 33. Rxe2 Kh8 34. Rf1 Nxg3 35. Qxf6+ Kh7 36. Qxf7+ Qxf7 37. Rxf7+ Kg8 38. Rg2 Kxf7 39. Rxg3 d4 40. exd4 Rxd4 41. Rf3+ Kg6 42. Rg3+ Kh5 43. Nf3 Rxb4 44. Rg7 Re2 45. Rg5+ Kh6 46. Re5 Rb1+ 47. Ne1 Rbxe1# 0-1


[Site "https://www.chess.com"]

[Event "Titled Tuesday Blitz March 14 Early 2023"]
[White "Zaichenko, Daria"]
[Black "Cheng, Xiao"]
[WhiteFideId "4197453"]
[BlackFideId "2022915"]
[WhiteElo "2039"]
[BlackElo "2457"]
[Result "0-1"]
[Round "03"]
[TimeControl "180+2"]
[Date "2023.03.14"]
[WhiteClock "0:00:01"]
[BlackClock "0:00:14"]

1. e4 c5 2. Nf3 e6 3. d4 cxd4 4. Nxd4 Nf6 5. Nc3 Nc6 6. Ndb5 d6 7. Bf4 e5 8. Bg5 a6 9. Na3 b5 10. Nd5 Be7 11. Bxf6 Bxf6 12. c3 O-O 13. Nc2 Bg5 14. h4 Bh6 15. g4 Bf4 16. Qf3 Be6 17. Nxf4 exf4 18. Qxf4 Ne5 19. Be2 Bc4 20. Qe3 Re8 21. f4 Bxe2 22. Qxe2 Ng6 23. f5 Ne5 24. O-O-O Qa5 25. Kb1 Nc4 26. Nd4 Rac8 27. g5 d5 28. g6 fxg6 29. fxg6 Rxe4 30. gxh7+ Kh8 31. Qg2 Ne3 32. Qh3 Rce8 33. Rdg1 b4 34. h5 bxc3 35. h6 g5 36. Rxg5 Qb6 37. Rg8+ Rxg8 38. hxg8=Q+ Kxg8 39. h7+ Kf7 40. Qh5+ Ke7 41. Qg5+ Kd7 42. Qg7+ Re7 43. Qxe7+ Kxe7 44. Nb3 c2+ 45. Ka1 Qf6 46. h8=Q Qxh8 47. Rxh8 d4 48. Rh1 d3 49. Re1 Kf6 50. Nd2 Nd1 51. Nb3 d2 52. Re2 c1=Q+ 53. Nxc1 dxc1=Q# 0-1


[Site "https://www.chess.com"]

[Event "Titled Tuesday Blitz March 14 Early 2023"]
[White "Miszler, Levente"]
[Black "Smith, Garrett L"]
[WhiteFideId "763276"]
[BlackFideId "2024829"]
[WhiteElo "2176"]
[BlackElo "2264"]
[Result "1-0"]
[Round "03"]
[TimeControl "180+2"]
[Date "2023.03.14"]
[WhiteClock "0:00:14"]
[BlackClock "0:00:26"]

1. Nf3 c5 2. c4 Nc6 3. Nc3 e5 4. g3 Nf6 5. d3 h6 6. Bg2 Be7 7. O-O d6 8. a3 Be6 9. Rb1 a5 10. Ne1 d5 11. cxd5 Nxd5 12. Nc2 Rb8 13. Nxd5 Bxd5 14. b4 cxb4 15. axb4 Bxg2 16. Kxg2 Nxb4 17. Nxb4 Bxb4 18. Bd2 Qd5+ 19. Kg1 Bxd2 20. Qxd2 O-O 21. Rb6 Rfd8 22. Qb2 Rd7 23. Rc1 Qd4 24. Qb5 a4 25. Rc4 Qa1+ 26. Kg2 Re7 27. Rxa4 Qc1 28. Rc4 Qg5 29. Qd5 Qf5 30. Rcb4 Qc8 31. Qd6 Qc7 32. Qd5 Kf8 33. Qb5 g6 34. Rc4 Qd7 35. Qc5 h5 36. Rd6 Qe8 37. Qd5 Kg8 38. Rb4 b5 39. Rxg6+ Kh7 40. Rd6 f5 41. Rh4 Rg7 42. Qf3 Rg5 43. Qd5 Rg7 44. Re6 Qf7 45. Qxe5 b4 46. Rf6 Qb7+ 47. f3 b3 48. Qxf5+ Kg8 49. Qxh5 Rh7 50. Rg6+ Kh8 51. Rh6 Rxh6 52. Qxh6+ Kg8 53. Qh8+ Kf7 54. Rh7+ Ke6 55. Rxb7 1-0


[Site "https://www.chess.com"]

[Event "Titled Tuesday Blitz March 14 Early 2023"]
[White "Jovic, Stanoje"]
[Black "Botez, Alexandra"]
[WhiteFideId "905020"]
[BlackFideId "2603365"]
[WhiteElo "2236"]
[BlackElo "2059"]
[Result "1-0"]
[Round "03"]
[TimeControl "180+2"]
[Date "2023.03.14"]
[WhiteClock "0:00:13"]
[BlackClock "0:00:01"]

1. c4 e5 2. g3 Nf6 3. Bg2 Bc5 4. Nf3 d6 5. O-O O-O 6. e3 e4 7. Ng5 Re8 8. Nc3 Bf5 9. Qc2 Nc6 10. Ngxe4 Nb4 11. Qb1 Nxe4 12. Bxe4 Bxe4 13. Nxe4 a5 14. a3 Nc6 15. d4 Ba7 16. b4 d5 17. cxd5 Qxd5 18. Nd2 Bxd4 19. b5 Bxa1 20. bxc6 Bc3 21. cxb7 Rab8 22. Qc2 Bxd2 23. Bxd2 Rxb7 24. Bc3 h6 25. Bd4 Reb8 26. Rc1 Qb3 27. Qf5 Qe6 28. Qxa5 Qd7 29. Qc3 f6 30. Qc4+ Qf7 31. Qc6 Rb1 32. h4 Rxc1+ 33. Qxc1 Rb3 34. a4 Rb7 35. a5 Qa2 36. Qc6 Rb1+ 37. Kg2 Qxa5 38. Qe8+ Kh7 39. Qe4+ f5 40. Qxb1 Qd5+ 41. Kh2 Qf3 42. Qc2 h5 43. Kg1 Qg4 44. Qxc7 Qd1+ 45. Kg2 Qg4 46. Qf4 Qg6 47. Qg5 Qc6+ 48. Kh2 g6 49. g4 fxg4 50. Qe5 1-0


[Site "https://www.chess.com"]

[Event "Titled Tuesday Blitz March 14 Early 2023"]
[White "Ruge, Edison"]
[Black "Pham, Le Thao Nguyen"]
[WhiteFideId "4401000"]
[BlackFideId "12401226"]
[WhiteElo "2175"]
[BlackElo "2282"]
[Result "0-1"]
[Round "03"]
[TimeControl "180+2"]
[Date "2023.03.14"]
[WhiteClock "0:00:22"]
[BlackClock "0:00:20"]

1. e4 c5 2. Nf3 e6 3. d3 a6 4. Nbd2 b5 5. g3 Bb7 6. Bg2 Nc6 7. O-O d6 8. Re1 e5 9. h4 g6 10. c3 Bg7 11. Nf1 h6 12. Ne3 Nge7 13. h5 Bc8 14. Nh4 O-O 15. Nd5 Kh7 16. Rf1 Nxd5 17. exd5 Ne7 18. f4 exf4 19. gxf4 Bf5 20. Qf3 Qd7 21. Bd2 Bg4 22. hxg6+ fxg6 23. Qg3 h5 24. Rae1 Rae8 25. Be4 Nf5 26. Nxf5 gxf5 27. Bg2 Bf6 28. Re6 Rxe6 29. dxe6 Qxe6 30. Re1 Qxa2 31. Bc1 Qf7 32. Qe3 Bh4 33. Rf1 Re8 34. Bd5 Qg6 35. Qd2 Bf3+ 0-1


[Site "https://www.chess.com"]

[Event "Titled Tuesday Blitz March 14 Early 2023"]
[White "Senft, Sean"]
[Black "Sanchez, Robert"]
[WhiteFideId "2044960"]
[BlackFideId "2034360"]
[WhiteElo "1989"]
[BlackElo "2242"]
[Result "1-0"]
[Round "03"]
[TimeControl "180+2"]
[Date "2023.03.14"]
[WhiteClock "0:00:13"]
[BlackClock "0:01:30"]

1. e4 d5 2. e5 c5 3. Nf3 Nc6 4. Bb5 Qb6 5. Bxc6+ Qxc6 6. d4 Bf5 7. O-O e6 8. Be3 b6 9. Nbd2 Rc8 10. c3 Ne7 11. a4 Bg4 12. h3 Bh5 13. a5 Nf5 14. g4 Nxe3 15. fxe3 Bg6 16. axb6 axb6 17. Ra7 Be7 18. Qe1 Rc7 19. Rxc7 Qxc7 20. h4 h5 21. Qg3 Qa7 22. c4 dxc4 23. Nxc4 Bd3 24. Rc1 Bxc4 25. Rxc4 Qa1+ 26. Ne1 hxg4 27. h5 Rxh5 28. Kg2 1-0


[Site "https://www.chess.com"]

[Event "Titled Tuesday Blitz March 14 Early 2023"]
[White "Bilan, Danila"]
[Black "Kowalysko, Roman"]
[WhiteFideId "24161918"]
[BlackFideId "30918510"]
[WhiteElo "2182"]
[BlackElo "2238"]
[Result "1-0"]
[Round "03"]
[TimeControl "180+2"]
[Date "2023.03.14"]
[WhiteClock "0:00:10"]
[BlackClock "0:00:38"]

1. d4 Nf6 2. Nf3 g6 3. Bg5 Bg7 4. c3 d5 5. Nbd2 O-O 6. e3 c6 7. Bd3 Nbd7 8. O-O Re8 9. c4 dxc4 10. Nxc4 Qc7 11. Rc1 e5 12. Ncxe5 Nxe5 13. Nxe5 Nh5 14. Nf3 Be6 15. Bc4 Bg4 16. h3 Be6 17. Qb3 Bxc4 18. Qxc4 Qb6 19. g4 Nf6 20. Bf4 Nd5 21. Be5 Rad8 22. Rfd1 Qxb2 23. Rb1 Qc3 24. Qa4 Nxe3 25. fxe3 Qxe3+ 26. Kg2 Qe2+ 27. Kg3 Bxe5+ 28. dxe5 Rd3 29. Rxd3 Qxd3 30. Rxb7 Rxe5 31. Qb3 Qd6 32. Qxf7+ Kh8 33. Qg7# 1-0


[Site "https://www.chess.com"]

[Event "Titled Tuesday Blitz March 14 Early 2023"]
[White "Rodriguez Santiago, Jaime"]
[Black "Matutururu, Maxman"]
[WhiteFideId "3100898"]
[BlackFideId "11004487"]
[WhiteElo "2025"]
[BlackElo "2439"]
[Result "0-1"]
[Round "03"]
[TimeControl "180+2"]
[Date "2023.03.14"]
[WhiteClock "0:00:33"]
[BlackClock "0:01:11"]

1. c4 c6 2. d4 d5 3. cxd5 cxd5 4. Bf4 Nc6 5. e3 Bf5 6. Nc3 Nf6 7. Qb3 Na5 8. Qa4+ Bd7 9. Qc2 Rc8 10. Bd3 e6 11. Nf3 b5 12. a3 Nc4 13. O-O a5 14. Qe2 b4 15. axb4 axb4 16. Nd1 Be7 17. Ne5 Nxe5 18. Bxe5 O-O 19. f4 Ne4 20. Bxe4 dxe4 21. Ra6 f6 22. Bd6 Bxd6 23. Rxd6 Bb5 24. Rxd8 Bxe2 25. Rxf8+ Kxf8 26. Re1 Rc2 27. Nf2 f5 28. b3 Rb2 29. h3 Bd3 30. Nxd3 exd3 31. Rd1 Rxb3 32. Kf2 Ke7 33. Kf3 Kd6 34. e4 d2+ 35. Ke2 fxe4 36. Rxd2 Kd5 37. Rd1 Rb2+ 38. Kf1 e3 0-1


[Site "https://www.chess.com"]

[Event "Titled Tuesday Blitz March 14 Early 2023"]
[White "Silva, Caio Henrique Angelico"]
[Black "Chakravarthi Reddy, M"]
[WhiteFideId "22777210"]
[BlackFideId "25009532"]
[WhiteElo "2096"]
[BlackElo "2201"]
[Result "0-1"]
[Round "03"]
[TimeControl "180+2"]
[Date "2023.03.14"]
[WhiteClock "0:01:52"]
[BlackClock "0:00:28"]

1. d4 d5 2. Nf3 Nf6 3. g3 c5 4. Bg2 cxd4 5. O-O h6 6. b3 Nc6 7. Bb2 e5 8. c3 dxc3 9. Nxc3 Be7 10. Rc1 O-O 11. Na4 e4 12. Nd4 Nxd4 13. Qxd4 b6 14. Rfd1 Bb7 15. Nc3 Re8 16. e3 Bd6 17. Nb5 Be5 18. Qd2 Bxb2 19. Qxb2 Re7 20. Nd4 Rc8 21. Bh3 Rxc1 22. Rxc1 Rc7 23. Rd1 a6 24. Bf1 Ng4 25. Bh3 Ne5 26. Bg2 Nd3 27. Qa1 Qf6 28. f3 Qg5 29. f4 Qf6 30. Bf1 Nb4 31. Rc1 Qd8 32. Nf5 Rxc1 33. Qxc1 Qc8 34. Qb2 Qxf5 35. Qc3 Nc6 36. b4 d4 37. exd4 Qd5 0-1


[Site "https://www.chess.com"]

[Event "Titled Tuesday Blitz March 14 Early 2023"]
[White "Barria Santos, Jose Guilherme"]
[Black "Phillips, Rene"]
[WhiteFideId "1939300"]
[BlackFideId "2056275"]
[WhiteElo "2301"]
[BlackElo "2209"]
[Result "0-1"]
[Round "03"]
[TimeControl "180+2"]
[Date "2023.03.14"]
[WhiteClock "0:01:46"]
[BlackClock "0:01:23"]

1. e4 Nc6 2. d4 d5 3. e5 f6 4. f4 Nh6 5. Nf3 Bg4 6. Be2 e6 7. O-O Nf5 8. c3 Be7 9. b4 O-O 10. b5 Na5 11. a4 b6 12. Ba3 Ne3 13. Bxe7 Qxe7 14. Qe1 Nxf1 15. Qxf1 Bxf3 16. Bxf3 f5 17. Nd2 Rac8 18. Kh1 c6 19. Qf2 cxb5 20. axb5 Rxc3 21. g4 fxg4 22. Bxg4 Rc2 23. Rg1 Nc4 24. Qg3 Nxd2 25. Bxe6+ Kh8 26. f5 Ne4 0-1


[Site "https://www.chess.com"]

[Event "Titled Tuesday Blitz March 14 Early 2023"]
[White "Jiang, Andrew"]
[Black "Ardila, Oscar Humberto"]
[WhiteFideId "30953510"]
[BlackFideId "4404742"]
[WhiteElo "1883"]
[BlackElo "1911"]
[Result "1-0"]
[Round "03"]
[TimeControl "180+2"]
[Date "2023.03.14"]
[WhiteClock "0:01:51"]
[BlackClock "0:01:51"]

1. e4 e5 2. Nf3 Nf6 3. Nc3 Nc6 4. a3 Bc5 5. Nxe5 Bxf2+ 6. Kxf2 Nxe5 7. d4 Ng6 8. e5 Ng8 9. Qe1 N8e7 10. Bd3 O-O 11. h4 h5 12. g4 d6 13. gxh5 Nh8 14. h6 g6 15. h5 Kh7 16. Ne4 Ng8 17. Ng5+ Qxg5 18. Bxg5 dxe5 19. Qxe5 f6 20. hxg6+ Nxg6 21. Qxc7+ Ne7 22. Qxe7+ 1-0


[Site "https://www.chess.com"]

[Event "Titled Tuesday Blitz March 14 Early 2023"]
[White "Quirke, Jeffrey"]
[Black "Akhmedinov, Satbek"]
[WhiteFideId "2013029"]
[BlackFideId "13714287"]
[WhiteElo "2201"]
[BlackElo "2090"]
[Result "0-1"]
[Round "03"]
[TimeControl "180+2"]
[Date "2023.03.14"]
[WhiteClock "0:00:04"]
[BlackClock "0:01:06"]

1. e4 c5 2. Nc3 Nc6 3. f4 e6 4. Nf3 d5 5. Bb5 d4 6. Bxc6+ bxc6 7. Ne2 Nf6 8. d3 Be7 9. O-O O-O 10. b3 a5 11. a4 Rb8 12. Bd2 Bd7 13. Qe1 Ra8 14. Ne5 Ne8 15. Nc4 f6 16. Nxa5 Nd6 17. Nc4 Nxc4 18. dxc4 e5 19. f5 g6 20. g4 Kf7 21. Nc1 Rh8 22. Nd3 Bd6 23. Kh1 h5 24. gxh5 Rxh5 25. fxg6+ Kg7 26. Qe2 Qh8 27. Rg1 Rh3 28. Raf1 Qh4 29. Rf3 Rh8 30. Rxh3 Qxh3 31. Qg2 Qh4 32. Be1 Qh5 33. Bg3 Bg4 34. Rf1 Bh3 35. Qf2 Bxf1 36. Qxf1 Qxg6 37. Qf2 Qxe4+ 38. Kg1 f5 39. b4 f4 40. Bh4 Qg6+ 41. Kh1 Qg4 42. bxc5 Bc7 43. Nxe5 Bxe5 0-1


[Site "https://www.chess.com"]

[Event "Titled Tuesday Blitz March 14 Early 2023"]
[White "Rosenberg, Evan S"]
[Black "Fabris, Alberto"]
[WhiteFideId "2019299"]
[BlackFideId "801348"]
[WhiteElo "2424"]
[BlackElo "2180"]
[Result "0-1"]
[Round "03"]
[TimeControl "180+2"]
[Date "2023.03.14"]
[WhiteClock "0:00:09"]
[BlackClock "0:00:48"]

1. d4 Nf6 2. Nf3 e6 3. g3 b6 4. Bg2 Bb7 5. O-O Be7 6. c4 O-O 7. Nc3 d5 8. cxd5 Nxd5 9. Qc2 Nd7 10. Rd1 Qc8 11. Nxd5 exd5 12. Bh3 Qd8 13. Bf4 c5 14. Rac1 c4 15. Qf5 Nf6 16. Bg2 b5 17. Ne5 a5 18. b3 Rc8 19. a4 cxb3 20. axb5 Qb6 21. Nc6 Bxc6 22. bxc6 Rxc6 23. Bxd5 Rxc1 24. Rxc1 Nxd5 25. Qxd5 b2 26. Rb1 a4 27. Qa2 a3 28. d5 Bd6 29. e4 Bxf4 30. gxf4 Qb4 31. e5 Rc8 32. d6 Rc1+ 33. Kg2 Qe4+ 34. Kg3 Qxb1 35. d7 Qd3+ 36. f3 Qxd7 0-1


[Site "https://www.chess.com"]

[Event "Titled Tuesday Blitz March 14 Early 2023"]
[White "Hoffmann, Asa"]
[Black "Aanan, Shafiuddin"]
[WhiteFideId "2001470"]
[BlackFideId "3242633"]
[WhiteElo "2117"]
[BlackElo "1648"]
[Result "1-0"]
[Round "03"]
[TimeControl "180+2"]
[Date "2023.03.14"]
[WhiteClock "0:01:02"]
[BlackClock "0:00:04"]

1. d4 Nf6 2. Bg5 Ne4 3. Bf4 d5 4. f3 Nf6 5. e4 e6 6. e5 Nfd7 7. Be3 c5 8. c3 Nc6 9. f4 Qb6 10. Qd2 g6 11. Nf3 cxd4 12. cxd4 Bg7 13. Nc3 a6 14. Be2 Ne7 15. O-O Nf5 16. Bf2 h5 17. g3 Qd8 18. Kg2 b5 19. h3 Nb6 20. b3 Bd7 21. Rac1 Rc8 22. g4 hxg4 23. hxg4 Nh6 24. Ng5 f6 25. exf6 Qxf6 26. Be3 Nf7 27. Nf3 Bc6 28. Rh1 Nd7 29. Bd3 b4 30. Ne2 Rxh1 31. Rxh1 Nf8 32. Ne5 Nxe5 33. fxe5 Qe7 34. Bg5 Qb7 35. Nf4 Bb5 36. Qxb4 1-0


[Site "https://www.chess.com"]

[Event "Titled Tuesday Blitz March 14 Early 2023"]
[White "Pourkashiyan, Atousa"]
[Black "Quispe Santacruz, Javier"]
[WhiteFideId "12502014"]
[BlackFideId "3800920"]
[WhiteElo "2228"]
[BlackElo "1875"]
[Result "0-1"]
[Round "03"]
[TimeControl "180+2"]
[Date "2023.03.14"]
[WhiteClock "0:00:14"]
[BlackClock "0:01:08"]

1. e4 c5 2. Nf3 d6 3. d4 cxd4 4. Nxd4 Nf6 5. Nc3 g6 6. Be3 Bg7 7. f3 O-O 8. Qd2 Nc6 9. O-O-O d5 10. exd5 Nxd5 11. Nxc6 bxc6 12. Bd4 Bxd4 13. Qxd4 Qb6 14. Na4 Qa5 15. b3 Be6 16. Qc5 Qc7 17. Bc4 Rfd8 18. Kb1 Rab8 19. h4 h5 20. g4 hxg4 21. h5 g5 22. h6 gxf3 23. h7+ Kh8 24. Rhg1 f6 25. Qf2 g4 26. Rde1 Bf5 27. Bxd5 cxd5 28. Rc1 d4 29. Nb2 a5 30. Nd3 a4 31. Qh4 axb3 32. axb3 Bxd3 33. Qxg4 Rxb3+ 34. Ka2 Ra3+ 35. Kxa3 Qc3+ 36. Ka4 Ra8# 0-1


[Site "https://www.chess.com"]